 Dungeon Crawl Stone Soup version 0.23.1 (webtiles) character file.

Game seed: 14751520969257538226

466 dengdeng the Chopper (level 6, -5/84 HPs)
             Began as a Minotaur Berserker on Mar 8, 2019.
             Was a Priest of Trog.
             Killed from afar by an orc wizard (7 damage)
             ... with a magic dart
             ... on level 5 of the Dungeon.
             The game lasted 00:10:00 (2347 turns).

dengdeng the Chopper (Minotaur Berserker)           Turns: 2347, Time: 00:10:01

Health: -5/84      AC: 13    Str: 28    XL:     6   Next: 81%
Magic:  5/5        EV:  8    Int:  4    God:    Trog [***...]
Gold:   177        SH:  0    Dex: 10    Spells: 5/5 levels left

rFire    + . .     SeeInvis .   v - +0 war axe
rCold    . . .     Gourm    .   (no shield)
rNeg     . . .     Faith    .   d - +0 plate armour
rPois    .         Spirit   .   (helmet restricted)
rElec    .         Reflect  .   (no cloak)
rCorr    .         Harm     .   (no gloves)
MR       .....                  j - +0 pair of boots
Stlth    ..........             r - amulet of magic regeneration
HPRegen  0.24/turn              b - ring of protection from cold
MPRegen  0.34/turn              k - ring of fire

@: berserking, lethally poisoned (-5 -> -26), very quick
A: retaliatory headbutt, horns 2
a: Berserk, Trog's Hand, Renounce Religion


You were on level 5 of the Dungeon.
You worshipped Trog.
Trog was most pleased with you.
You were near starving.

You visited 1 branch of the dungeon, and saw 4 of its levels.

You collected 177 gold pieces.

Inventory:

Hand Weapons
 v - a +0 war axe (weapon)
Missiles
 g - 66 stones (quivered)
Armour
 d - a +0 plate armour (worn)
 j - a +0 pair of boots (worn)
Jewellery
 b - a ring of protection from cold (left hand)
 k - a ring of fire (right hand)
 r - an amulet of magic regeneration (around neck)
Wands
 s - a wand of flame (10)
Scrolls
 e - 2 scrolls of remove curse
 f - a scroll of amnesia {unknown}
 m - a scroll of fear {unknown}
 n - a scroll of fog {unknown}
 o - a scroll of magic mapping {unknown}
 t - 2 scrolls of teleportation {unknown}
 u - a scroll of random uselessness {unknown}
 w - a scroll of enchant armour {unknown}
 y - a scroll of identify {unknown}
Potions
 a - 2 potions of ambrosia {unknown}
 h - a potion of degeneration {unknown}
 i - 2 potions of flight {unknown}
 l - 6 potions of curing {unknown}
 q - a potion of heal wounds {unknown}
 x - a potion of haste {unknown}
Comestibles
 c - 14 rations


   Skills:
 + Level 5.0 Fighting
 + Level 5.8(6.0) Axes
   Level 1.5(4.0) Maces & Flails
 + Level 1.4 Throwing
 * Level 5.5 Armour
 + Level 2.9 Dodging
 + Level 0.2 Stealth


You had 5 spell levels left.
You didn't know any spells.
Your spell library was empty.

Dungeon Overview and Level Annotations

Branches:
Dungeon (3/15)

Altars:
Cheibriados
Fedhas


Innate Abilities, Weirdness & Mutations

You reflexively headbutt those who attack you in melee.
You have a pair of horns on your head.


Message History

* * * LOW HITPOINT WARNING * * *
You feel very sick.
The orc wizard hits you but does no damage.
The orc wizard mumbles some strange words.
The orc wizard flickers and vanishes!
Deactivating autopickup; reactivate with Ctrl-A.
You barely miss something.
* * * LOW HITPOINT WARNING * * *
You feel very sick. Something hits you but does no damage.
Unknown command.
A red film seems to cover your vision as you go berserk!
You feel yourself moving faster!
You feel mighty!
You are near starving!
* * * LOW HITPOINT WARNING * * *
You feel very sick.
You hear some strange, mumbled words.
A magic dart appears from out of thin air!
The magic dart hits you!
You die...

#.....#
#.....#
#.....###
#.......
#.....#
#....[#
#..)..#
#.@)..#
#{.[..#
##.####
#.# #.#
..# _..
...


There were no monsters in sight!

Vanquished Creatures
  The ghost of Curus the Slasher, an amateur HaFi (D:3)
  A water moccasin (D:5)
  A bullfrog zombie (D:3)
  Terence (D:2)
  A worker ant (D:2)
  A howler monkey skeleton (D:3)
  7 adders
  An ooze (D:1)
  An adder skeleton (D:3)
  2 worms (D:2)
  A leopard gecko (D:3)
  3 orcs (D:5)
  4 giant cockroaches
  12 goblins
  5 hobgoblins
  4 jackals (D:2)
  9 kobolds
  A quokka (D:2)
  12 ball pythons
  9 bats
  3 frilled lizards (D:3)
  2 rats
82 creatures vanquished.

Notes
Turn   | Place    | Note
-------+----------+-------------------------------------------
     0 | D:1      | dengdeng the Minotaur Berserker began the quest for the
                  | Orb.
     0 | D:1      | Reached XP level 1. HP: 19/19 MP: 0/0
   147 | D:1      | Reached XP level 2. HP: 18/27 MP: 1/1
   616 | D:2      | Reached XP level 3. HP: 33/33 MP: 2/2
   647 | D:2      | Reached skill level 1 in Maces & Flails
   998 | D:2      | Reached XP level 4. HP: 33/41 MP: 3/3
  1096 | D:2      | Reached ** piety under Trog
  1518 | D:2      | Found a faded altar of an unknown god.
  1522 | D:2      | Noticed Terence
  1532 | D:2      | Killed Terence
  1532 | D:2      | Reached XP level 5. HP: 43/47 MP: 4/4
  1861 | D:3      | Reached *** piety under Trog
  2071 | D:3      | Found a blossoming altar of Fedhas.
  2228 | D:3      | Found a runed translucent gate.
  2228 | D:3      | Found a runed translucent gate.
  2229 | D:3      | Found a runed translucent gate.
  2231 | D:3      | Noticed Curus's ghost (amateur HaFi)
  2241 | D:3      | Reached skill level 5 in Axes
  2242 | D:3      | Killed Curus's ghost
  2242 | D:3      | Reached skill level 1 in Throwing
  2242 | D:3      | Reached skill level 5 in Armour
  2242 | D:3      | Reached XP level 6. HP: 55/55 MP: 5/5
  2330 | D:3      | You fall through a shaft for 2 floors!
  2330 | D:5      | Entered Level 5 of the Dungeon
  2330 | D:5      | Found a snail-covered altar of Cheibriados.
  2330 | D:5      | Noticed a water moccasin
  2341 | D:5      | Killed a water moccasin
  2341 | D:5      | Reached skill level 5 in Fighting
  2347 | D:5      | HP: 2/84 [poisoned by a water moccasin]
  2347 | D:5      | Killed from afar by an orc wizard

Skill      XL: |  1  2  3  4  5  6 |
---------------+-------------------+-----
Fighting       | 4 5 |  5.0
Axes           | 4 5 |  5.8
Maces & Flails | 1 |  1.5
Armour         | 3 5 |  5.5
Throwing       | 1 |  1.4
Dodging        | |  2.9
Stealth        | |  0.2

Action                   |  1- 3 |  4- 6 || total
-------------------------+-------+-------++-------
Melee: Hand axe          |    14 |    59 ||    73
       Whip              |    78 |       ||    78
       Headbutt          |    14 |    22 ||    36
       War axe           |       |    51 ||    51
Throw: Stone             |       |    20 ||    20
Invok: Berserk           |       |     2 ||     2
  Use: Scroll            |     2 |       ||     2
  Eat: Chunk             |       |     5 ||     5
Armor: Animal skin       |     4 |       ||     4
       Plate armour      |    65 |   108 ||   173
Dodge: Dodged            |    38 |    44 ||    82
